 Dungeon Crawl Stone Soup version 0.28.0-47-ge53b351184 (webtiles) character file.

Game seed: 2768028705008718081

27 eggoboy84 the Skirmisher (level 2, -5/27 HPs)
             Began as a Draconian Berserker on May 4, 2022.
             Was a Follower of Trog.
             Slain by a worm (9 damage)
             ... on level 2 of the Dungeon.
             The game lasted 00:05:38 (1001 turns).

eggoboy84 the Skirmisher (Draconian Berserker)      Turns: 1001, Time: 00:05:39

Health: -5/27      AC:  4    Str: 19    XL:     2   Next: 93%
Magic:  2/2        EV: 12    Int:  7    God:    Trog [*.....]
Gold:   43         SH:  0    Dex: 10    Spells: 1/1 levels left

rFire   . . .      SeeInvis .   a - +0 falchion
rCold   . . .      Faith    .   (no shield)
rNeg    . . .      Spirit   .   (armour unavailable)
rPois   .          Reflect  .   (helmet restricted)
rElec   .          Harm     .   (no cloak)
rCorr   .          Rampage  .   (no gloves)
Will    .....                   (no boots)
Stlth   +.........              (no amulet)
HPRegen 0.09/turn               (no ring)
MPRegen 0.08/turn               (no ring)

@: no status effects
A: AC +4, unfitting armour, cold-blooded
a: Renounce Religion, Berserk


You were on level 2 of the Dungeon.
You worshipped Trog.
Trog was aware of your devotion.
You visited 1 branch of the dungeon, and saw 2 of its levels.

You collected 43 gold pieces.

Inventory:

Hand Weapons
 a - a +0 falchion (weapon)
Jewellery
 c - a ring of protection from cold
Scrolls
 b - a scroll of enchant armour {unknown}
 d - a scroll of summoning {unknown}
 f - a scroll of teleportation {unknown}
 g - a scroll of amnesia {unknown}
Potions
 e - a potion of invisibility {unknown}
 h - a potion of curing {unknown}


   Skills:
 + Level 3.7 Fighting
 + Level 3.4 Long Blades
 + Level 3.1 Dodging
 + Level 0.2 Stealth


You had one spell level left.
You didn't know any spells.
Your spell library was empty.

Dungeon Overview and Level Annotations

Branches:
Dungeon (2/15)

Altars:


Innate Abilities, Weirdness & Mutations

Your plain brown scales are hard. (AC +4)
You cannot fit into any form of body armour.
You are cold-blooded and may be slowed by cold attacks.


Message History

Fall back!
Found a scroll labelled NOYVVA ILOSHRO and a purple potion.
g - a scroll labelled NOYVVA ILOSHRO
h - a purple potion A frilled lizard comes into view.
A rat, a worm and a dart slug come into view.
Found a bubbling golden potion.
The frilled lizard hisses angrily.
The dart slug launches a dart at you. The slug dart misses you.
The rat bites you. The frilled lizard barely misses you.
You slash the dart slug!
The dart slug is almost dead.
The rat barely misses you. The worm closely misses you.
The dart slug misses you. The frilled lizard misses you.
You hit the dart slug.
You kill the dart slug!
Trog accepts your kill. The rat closely misses you.
The frilled lizard closely misses you. The worm bites you.
You hit the rat but do no damage. The rat bites you. The worm bites you.
You closely miss the rat. The rat closely misses you.
The frilled lizard barely misses you. The worm bites you!
You barely miss the rat. The rat bites you.
The frilled lizard bites you but does no damage.
You completely miss the rat. The rat bites you.
* * * LOW HITPOINT WARNING * * *
The frilled lizard bites you but does no damage.
The worm misses you.
You hit the rat.
You kill the rat!
Trog accepts your kill. The frilled lizard misses you.
The worm bites you but does no damage. The frilled lizard misses you.
You see here a rat corpse.
The frilled lizard bites you.
* * * LOW HITPOINT WARNING * * *
The worm bites you!
You die...

.####.#............######
......#.##########......#
.######.# #...........##
........# #.##..........
.######.# #. #.#####..##
.## #.#####.##.## ..#
..###.............# .#
......###.#.!.....####..#
......# .......@.......
....#.# .#....w†l.###.#
..#.# . ..........# ..#.#
##........# .## #
#........# .# #..........
.# ####.##..### .# #. ..#
.# .. ...


You could see a worm and a frilled lizard.

Vanquished Creatures
  A dart slug (D:2)
  4 ball pythons
  3 bats (D:1)
  2 endoplasms (D:1)
  A giant cockroach (D:1)
  3 goblins
  A hobgoblin (D:1)
  A frilled lizard (D:1)
  3 kobolds (D:1)
  6 rats
25 creatures vanquished.

Notes
Turn   | Place    | Note
-------+----------+-------------------------------------------
     0 | D:1      | eggoboy84 the Draconian Berserker began the quest for the
                  | Orb.
     0 | D:1      | Reached XP level 1. HP: 19/19 MP: 1/1
   203 | D:1      | Reached XP level 2. HP: 26/26 MP: 2/2
   568 | D:1      | Found a faded altar of an unknown god.
  1001 | D:2      | Slain by a worm

Illustrated notes

Levels and vault maps discovered:
D:1:      dpeg_arrival_ternary, layout_basic,
          shapermc_ecumenical_altar_mp_highgroup, hangedman_decor_push
D:2:      layout_loops_ring, uniq_jessica

Skill      XL: |  1  2 |
---------------+-------+-----
Dodging        | 3 |  3.1
Fighting       | |  3.7
Long Blades    | |  3.4
Stealth        | |  0.2

Action                   || total
-------------------------++-------
Melee: Falchion          ||    57
       Tailslap          ||     5
       Punch             ||     1
Armor: Skin              ||    41
Dodge: Dodged            ||    92
